 Dungeon Crawl Stone Soup version 0.31.0-1-g2c135a0 (webtiles) character file.

Game seed: 12204842193044519210

102 bonscott the Magician (level 5, -6/35 HPs)
             Began as a Djinni Conjurer on Mar 12, 2024.
             Mangled by a kobold brigand
             ... wielding a +0 whip
              (9 damage)
             ... on level 3 of the Dungeon.
             The game lasted 00:10:43 (853 turns).

bonscott the Magician (Djinni Conjurer)              Turns: 853, Time: 00:10:43

Health: -6/35      AC:  2    Str:  3 (6)  XL:     5   Next: 5%
Gold:   73         EV: 12    Int: 20 (22) God:
                   SH:  0    Dex:  9 (11)

rFire   + + .        b - +0 spear
rCold   x . .        (no shield)
rNeg    . . .        a - +0 robe
rPois   ∞            (no helmet)
rElec   .            (no cloak)
rCorr   .            (no gloves)
SInv    .            (boots unavailable)
Will    .....        (no amulet)
Stlth   +            (no ring)
HPRegen 0.25/turn    (no ring)
MPRegen 0.00/turn

%: infuse magic (-7 HP)
@: flying
A: sickness immunity, fire resistance 2, cold vulnerability 1, float, innate
caster, HP casting, extra vitality 1
a: no special abilities


You were on level 3 of the Dungeon.
You visited 1 branch of the dungeon, and saw 3 of its levels.

You collected 73 gold pieces.

Inventory:

Hand Weapons
 b - a +0 spear (weapon)
Armour
 a - a +0 robe (worn)
 i - a +1 leather armour


   Skills:
 - Level 2.1 Dodging
 - Level 1.5 Stealth
 + Level 5.0 Spellcasting
 + Level 5.0 Conjurations
 + Level 5.0 Hexes
 + Level 5.0 Summonings
 + Level 5.0 Necromancy
 + Level 5.0 Translocations
 + Level 5.0 Fire Magic
 + Level 5.0 Ice Magic
 + Level 5.0 Air Magic
 + Level 5.0 Earth Magic
 + Level 5.0 Alchemy


You knew the following spells:

 Your Spells              Type           Power      Damage    Failure   Level
a - Necrotise             Necr           100%       1d9       1%          1
b - Lesser Beckoning      Tloc           50%        N/A       2%          2
d - Magic Dart            Conj           100%       1d8       1%          1
f - Fulminant Prism       Conj/Alch      12%        3d9       14%         4
m - Iskenderun's Mystic   Conj/Tloc      25%        2d7       14%         4
r - Searing Ray           Conj           50%        2d6       2%          2
Your spell library was empty.

Dungeon Overview and Level Annotations

Branches:
Dungeon (2/15)

Altars:


Innate Abilities, Weirdness & Mutations

You are immune to sickness and miasma.
You are immune to poison.
Your flesh is very heat resistant. (rF++)
You are vulnerable to cold. (rC-)
You float through the air rather than walking.
You learn spells naturally, not from books.
Your magical power is your life essence.
You have superior vitality. (+4 MHP)


Message History

(Press . to maintain the ray.)
* * * LOW HITPOINT WARNING * * *
Casting: Searing Ray (safe; 2% risk of failure)
Confirm with . or Enter, or press ? or * to list all spells.
You erupt in a blast of force!
The mystic blast hits the kobold brigand!
The kobold brigand is moderately wounded.
* * * LOW HITPOINT WARNING * * *
You hear a shout! x3
Unknown command.
Casting: Iskenderun's Mystic Blast (quite dangerous; 14% risk of failure)
Confirm with . or Enter, or press ? or * to list all spells.
You don't have enough health to cast this spell.
Casting: Iskenderun's Mystic Blast (quite dangerous; 14% risk of failure)
Confirm with . or Enter, or press ? or * to list all spells.
You don't have enough health to cast this spell.
Unknown command.
The kobold brigand throws a curare-tipped dart.
The curare-tipped dart misses you.
You have nothing you can fire or use right now.
Casting: Iskenderun's Mystic Blast (quite dangerous; 14% risk of failure)
Confirm with . or Enter, or press ? or * to list all spells.
You can't see any susceptible monsters within range! (Use Z to cast anyway.)
Casting: Iskenderun's Mystic Blast (quite dangerous; 14% risk of failure)
Confirm with . or Enter, or press ? or * to list all spells.
Aiming: Fulminant Prism (quite dangerous; 14% risk of failure)
Press: ? - help, Dir - move target, p - kobold brigand You conjure a prism of explosive energy!
* * * LOW HITPOINT WARNING * * *
A fulminant prism comes into view.
The kobold brigand hits your fulminant prism with a +0 whip!
Your fulminant prism detonates feebly.
The kobold brigand throws a curare-tipped dart.
The curare-tipped dart misses you.
You aren't carrying any scrolls.
The kobold brigand throws a curare-tipped dart.
The curare-tipped dart hits you. You resist.
The kobold brigand barely misses you.
The kobold brigand hits you with a +0 whip!
You die...

#++++# #######
#....#######.@...#
+..(.))))))'.K...#
#....#######.....#
##''## #######
...o. ...go.o
g....o. .!.....
#####++


You could see a kobold brigand.

Vanquished Creatures
  5 gnolls
  2 dart slugs (D:1)
  8 orcs (D:3)
  8 endoplasms (D:1)
  2 giant cockroaches (D:1)
  2 goblins
  2 hobgoblins (D:1)
  2 kobolds (D:1)
  A quokka (D:1)
  A bat (D:1)
  4 frilled lizards (D:1)
  3 rats (D:1)
40 creatures vanquished.

Vanquished Creatures (others)
  A fulminant prism (D:3)
1 creature vanquished.

Grand Total: 41 creatures vanquished

Notes
Turn   | Place    | Note
-------+----------+-------------------------------------------
     0 | D:1      | bonscott the Djinni Conjurer began the quest for the Orb.
     0 | D:1      | bonscott set off with the following spells memorised: Magic
                  | Dart, Searing Ray, Fulminant Prism, Iskenderun's Mystic
                  | Blast.
     0 | D:1      | Reached XP level 1. HP: 15/15 MP: 0/0
     5 | D:1      | Reached XP level 2. HP: 18/21 MP: 0/0
   158 | D:1      | Reached XP level 3. HP: 24/25 MP: 0/0
   158 | D:1      | Learned a level 1 spell: Necrotise
   724 | D:2      | You are sucked into a shaft and drop 1 floor!
   733 | D:3      | Reached XP level 4. HP: 27/31 MP: 0/0
   805 | D:3      | Noticed a kobold brigand
   822 | D:3      | Reached skill level 5 in Spellcasting
   822 | D:3      | Reached skill level 5 in Conjurations
   822 | D:3      | Reached skill level 5 in Hexes
   822 | D:3      | Reached skill level 5 in Summonings
   822 | D:3      | Reached skill level 5 in Necromancy
   822 | D:3      | Reached skill level 5 in Translocations
   822 | D:3      | Reached skill level 5 in Fire Magic
   822 | D:3      | Reached skill level 5 in Ice Magic
   822 | D:3      | Reached skill level 5 in Air Magic
   822 | D:3      | Reached skill level 5 in Earth Magic
   822 | D:3      | Reached skill level 5 in Alchemy
   822 | D:3      | Reached XP level 5. HP: 5/35 MP: 0/0
   822 | D:3      | Learned a level 2 spell: Lesser Beckoning
   853 | D:3      | Mangled by a kobold brigand

Illustrated notes

Levels and vault maps discovered:
D:1:      hellmonk_arrival_library, layout_loops_ring, kennysheep_small_spiral
D:2:      layout_basic, basic_altar
D:3:      lemuel_castle_with_subvaults [lemuel_castle_interior_original],
          layout_loops_ring, uniq_grinder, uniq_ijyb

Skill      XL: |  1  2  3  4 |
---------------+-------------+-----
Spellcasting   | 4 5 |  5.0
Conjurations   | 4 5 |  5.0
Hexes          | 4 5 |  5.0
Summonings     | 4 5 |  5.0
Necromancy     | 4 5 |  5.0
Translocations | 4 5 |  5.0
Fire Magic     | 4 5 |  5.0
Ice Magic      | 4 5 |  5.0
Air Magic      | 4 5 |  5.0
Earth Magic    | 4 5 |  5.0
Alchemy        | 4 5 |  5.0
Dodging        | |  2.1
Stealth        | |  1.5

Action                     |  1- 3 |  4- 6 || total
---------------------------+-------+-------++-------
  Melee: Spear             |     1 |     4 ||     5
  Throw: Dart              |       |     6 ||     6
   Cast: Magic Dart        |    56 |       ||    56
         Searing Ray       |     1 |     4 ||     5
         Iskenderun's Myst |       |     1 ||     1
         Fulminant Prism   |       |     1 ||     1
    Use: Potion            |       |     1 ||     1
         Scroll            |       |     4 ||     4
 Armour: Robe              |     1 |     5 ||     6
  Dodge: Dodged            |     1 |    10 ||    11
